AoeStats
← Stief_Gaming

Arena

509164380Analyzed
1v1 RM · 6d ago on Sep 25, 2026· 43m 53s· 2 players
Game mode
Random Map
Map size
Tiny (2 player)
Population
200
Speed
Normal
Resources
Standard
Victory
Conquest
Starting age
Dark Age
Ending age
Imperial Age
RankedLock teamsTeams togetherTeam positionsShared explorationLock speedFull tech treeHidden civsTurbo modeCheats
Victory
Defeat
🇩🇪 Franks · Germany
833
+32
🇨🇱 Vikings · Chile
764
-13
ignarmijodavid
14:46 Feudal Age
19:36 Castle Age
17:27 Horse Collar
18:21 Arson
18:44 Loom
19:51 Scale Mail Armor
20:02 Forging
21:38 Pikeman
23:07 Double-Bit Axe
25:38 Squires
29:24 Bow Saw
29:27 Heavy Plow
31:28 Chieftains
32:30 Chain Mail Armor
33:36 Treadmill Crane
33:53 Murder Holes
37:15 Imperial Age
36:40 Crossbowman
38:03 Iron Casting
37:18 Fletching
37:28 Padded Archer Armor
37:32 Gold Mining
37:33 Stone Mining
39:20 Conscription
39:33 Masonry
39:45 Ballistics
42:04 Elite Varangian Guard
Stief_Gaming
2:42 Loom
13:08 Feudal Age
15:04 Wheelbarrow
15:19 Double-Bit Axe
19:08 Castle Age
19:44 Scale Barding Armor
21:13 Hand Cart
23:28 Husbandry
24:28 Bow Saw
24:26 Light Cavalry
25:44 Town Watch
26:13 Forging
27:38 Stone Mining
27:45 Gold Mining
33:42 Imperial Age
32:18 Chain Barding Armor
34:57 Conscription
35:03 Cavalier
36:34 Gold Shaft Mining
36:08 Town Patrol
38:32 Paladin
39:49 Plate Barding Armor
39:49 Iron Casting
Connection lost

Rejoining the realm…

Still unreachable

The connection could not be restored.

Session expired

The server has moved on; the page needs a fresh start.